 Dungeon Crawl Stone Soup version 0.19.4-25-g1b72edd (webtiles) character file.

815 JeffiDaFish the Shield-Bearer (level 7, -1/44 HPs)
             Began as a Gargoyle Fighter on Feb 28, 2017.
             Slain by Natasha (4 damage)
             ... on level 4 of the Dungeon.
             The game lasted 00:13:09 (4034 turns).

JeffiDaFish the Shield-Bearer (Gargoyle Fighter)    Turns: 4034, Time: 00:13:09

Health: -1/44      AC: 19    Str: 19    XL:     7   Next: 94%
Magic:  0/7        EV:  6    Int:  9    God:
Gold:   227        SH: 14    Dex: 11    Spells: 0 memorised, 6 levels left

rFire  . . .     SeeInvis .     a - +0 flail
rCold  . . .     Gourm    .     j - +0 chain mail
rNeg   + . .     Faith    .     c - +0 shield
rPois  ∞         Spirit   +     e - +2 hat {Spirit}
rElec  +         Reflect  +     (no cloak)
rCorr  .         Harm     .     k - +2 pair of gloves
MR     .....                    (no boots)
Stlth  ..........               i - +4 amulet of reflection
                                (no ring)
                                b - -2 ring of protection (curse)

@: no status effects
A: antennae 1, slimy green scales 1, blurry vision 1, negative energy resistance
1, electricity resistance, unbreathing, petrification resistance, rot immunity,
AC +4
a: no special abilities


You were on level 4 of the Dungeon.
You were not hungry.

You visited 1 branch of the dungeon, and saw 4 of its levels.

You collected 227 gold pieces.

Inventory:

Hand Weapons
 a - a +0 flail (weapon)
Armour
 c - a +0 shield (worn)
 e - a +2 hat of spirit shield (worn)
 j - a +0 chain mail (worn)
 k - a +2 pair of gloves (worn)
Jewellery
 b - a cursed -2 ring of protection (left hand)
 i - a +4 amulet of reflection (around neck)
 o - an uncursed amulet of the gourmand {unknown}
Wands
 m - a wand of paralysis (18/24)
Scrolls
 g - a scroll of identify
 p - a scroll of recharging
Comestibles
 f - 3 bread rations
 h - 3 fruits
 l - 3 meat rations
 n - a slice of pizza
 q - 3 chunks of flesh


   Skills:
 + Level 4.4 Fighting
 + Level 5.3 Maces & Flails
 + Level 4.7 Armour
 + Level 1.1 Dodging
 + Level 0.2 Stealth
 + Level 6.6 Shields


You had 6 spell levels left.
You didn't know any spells.

Dungeon Overview and Level Annotations

Branches:
Dungeon (4/15)
 Temple: D:4-7

Altars:
Vehumet

Annotations:
D:4 Natasha


Innate Abilities, Weirdness & Mutations

You are resistant to torment.
Your stone body is resilient. (AC +4)
You are immune to poison.
You resist negative energy. (rN+)
You are resistant to electric shocks. (rElec)
You can survive without breathing.
You are immune to petrification.
You are immune to rotting.
You have a pair of small antennae on your head.
You are partially covered in slimy green scales. (AC +2)
Scrolls take you a little longer to read.


Message History

The crimson imp blinks!
You hit the orc.
The orc is heavily wounded.
The orc hits you but does no damage.
You closely miss the orc.
The orc is heavily wounded.
The orc hits you but does no damage. x2
You hit the orc.
You kill the orc!
The ogre hits you with a giant club!!
* * * LOW HITPOINT WARNING * * *
You sock the ogre!
You kill the ogre!
The white imp disappears in a puff of smoke!
You block Natasha's attack.
Your chain mail prevents you from hitting Natasha.
Natasha stares at you and mumbles some strange words.
You resist with some effort.
You hit Natasha but do no damage. Natasha claws you.
You die...

.............##
#. #.#.#.#.#.#.#
..#...........##
....#.#.#.#.#.#
...$..........#
.....#.#.#.#..#
............#.#
.......#####..#
......†5h@...##
.......#######
....... .......
>...... .....##
..##. .. ..


You could see Natasha and a crimson imp.

Vanquished Creatures
  Grinder (D:4)
  Sigmund (D:4)
  An ogre (D:4)
  A scorpion (D:4)
  An orc priest (D:3)
  A jelly (D:4)
  3 worker ants (D:4)
  Natasha (twice) (D:4)
  6 adders
  An ooze (D:1)
  3 worms
  A dart slug (D:2)
  2 leopard geckos
  11 orcs
  3 giant cockroaches
  6 goblins
  6 hobgoblins
  3 jackals (D:3)
  7 kobolds
  2 quokkas
  3 ball pythons
  7 bats
  4 frilled lizards
  7 rats
  A plant (D:3)
84 creatures vanquished.

Vanquished Creatures (others)
  A quokka (D:4)
1 creature vanquished.

Grand Total: 85 creatures vanquished

Notes
Turn   | Place    | Note
-------+----------+-------------------------------------------
     0 | D:1      | JeffiDaFish the Gargoyle Fighter began the quest for the Orb.
     0 | D:1      | Reached XP level 1. HP: 14/14 MP: 1/1
   136 | D:1      | Reached XP level 2. HP: 19/19 MP: 2/2
  1116 | D:2      | Reached XP level 3. HP: 23/23 MP: 3/3
  1185 | D:2      | Reached skill level 4 in Shields
  1480 | D:2      | Reached XP level 4. HP: 24/28 MP: 2/4
  2564 | D:3      | Reached XP level 5. HP: 5/33 MP: 2/5
  3033 | D:3      | Gained mutation: Scrolls take you a little longer to read. [potion of mutation]
  3033 | D:3      | Gained mutation: You are partially covered in slimy green scales. (AC +2) [potion of mutation]
  3033 | D:3      | Gained mutation: You have a pair of small antennae on your head. [potion of mutation]
  3052 | D:3      | Found a radiant altar of Vehumet.
  3488 | D:4      | Noticed Natasha
  3493 | D:4      | Killed Natasha
  3530 | D:4      | Noticed Natasha
  3549 | D:4      | Killed Natasha
  3559 | D:4      | Reached skill level 5 in Shields
  3559 | D:4      | Reached XP level 6. HP: 35/38 MP: 6/6
  3711 | D:4      | Reached skill level 1 in Dodging
  3934 | D:4      | Noticed Sigmund
  3946 | D:4      | Killed Sigmund
  3946 | D:4      | Reached XP level 7. HP: 42/43 MP: 7/7
  3973 | D:4      | Noticed Grinder
  3979 | D:4      | Paralysed by Grinder for 2 turns
  3985 | D:4      | Killed Grinder
  3985 | D:4      | Reached skill level 5 in Maces & Flails
  3985 | D:4      | Reached skill level 6 in Shields
  4012 | D:4      | Noticed Natasha
  4034 | D:4      | Slain by Natasha

Skill      XL: |  1  2  3  4  5  6  7 |
---------------+----------------------+-----
Shields        | 4 5 6 |  6.6
Armour         | 4 |  4.7
Maces & Flails | 3 4 5 |  5.3
Fighting       | 4 |  4.4
Dodging        | 1 |  1.1
Stealth        | |  0.2

Action                   |  1- 3 |  4- 6 |  7- 9 || total
-------------------------+-------+-------+-------++-------
Melee: Flail             |   121 |   280 |    37 ||   438
  Use: Scroll            |     4 |     1 |       ||     5
       Potion            |     1 |     4 |     1 ||     6
  Eat: Chunk             |     2 |     9 |       ||    11
Armor: Scale mail        |    18 |       |       ||    18
       Chain mail        |    45 |   148 |    18 ||   211
Dodge: Dodged            |    21 |    39 |     4 ||    64
Block: Shield            |   100 |   208 |    28 ||   336
       Reflection        |     2 |     1 |       ||     3
